 Dungeon Crawl Stone Soup version 0.29-a0-320-g9f8742066b (webtiles) character file.

Game seed: 5609679203207060514

50612 spiderkeys the Fighter (level 14, -1/132 HPs)
             Began as a Pale Draconian Abyssal Knight on Apr 2, 2022.
             Was a High Priest of Lugonu.
             Succumbed to their own poison gas
             ... on level 14 of the Dungeon on Apr 3, 2022.
             The game lasted 01:00:09 (25146 turns).

spiderkeys the Fighter (DrAK)                      Turns: 25146, Time: 01:00:10

Health: -1/132     AC: 12    Str: 21    XL:     14   Next: 20%
Magic:  19/20      EV: 20    Int: 21    God:    Lugonu [*****.]
Gold:   1758       SH: 17    Dex: 15    Spells: 13/13 levels left

rFire   + + .      SeeInvis .   Y - +10 rapier of Imbalance {vorpal, Contam rC++ Dex+6}
rCold   + + +      Faith    .   Q - +2 kite shield {rC+}
rNeg    . . .      Spirit   .   (body armour unavailable)
rPois   .          Reflect  +   T - +0 hat "Teeptyop" {rF+ Will+}
rElec   +          Harm     .   V - +0 cloak of the Evil One {rElec Str+4 Int+8 Dex-4}
rCorr   .          Rampage  .   u - +0 pair of gloves
Will    ++...                   P - +1 pair of boots {Fly}
Stlth   +.........              a - amulet of reflection
HPRegen 0.32/turn               s - ring of Fesoriy {rElec rF+ EV+4}
MPRegen 0.17/turn               C - ring of protection from cold

@: lethally poisoned (-1 -> -11), flying, slowed, very slow
A: breathe steam, AC +8, unfitting armour, cold-blooded, steam resistance
a: Breathe Steam, Renounce Religion, Depart the Abyss, Bend Space, Banish,
Corrupt, Enter the Abyss


You were on level 14 of the Dungeon.
You worshipped Lugonu.
Lugonu was extremely pleased with you.
You visited 2 branches of the dungeon, and saw 19 of its levels.
You visited the Abyss 1 time.
You also visited: Sewer, Bailey, Gauntlet and Ice Cave.

You collected 1758 gold pieces.


Innate Abilities, Weirdness & Mutations

You can breathe blasts of scalding, opaque steam.
Your pale cyan-grey scales are hard. (AC +8)
You cannot fit into any form of body armour.
You are cold-blooded and may be slowed by cold attacks.
You are immune to the effects of steam.


   Skills:
 + Level 14.1 Fighting
 - Level 12.0 Polearms
 + Level 11.7 Dodging
 * Level 5.8 Shields
 - Level 9.0 Invocations
 + Level 10.7 Evocations


You had 13 spell levels left.
You didn't know any spells.
Your spell library contained the following spells:

 Spells                   Type           Power      Damage    Failure   Level
 Apportation              Tloc           0%         N/A       43%         1
 Beastly Appendage        Tmut           0%         N/A       43%         1
 Magic Dart               Conj           0%         1d3       43%         1
 Ensorcelled Hibernation  Hex/Ice        0%         N/A       58%         2
 Passwall                 Tmut/Erth      0%         N/A       58%         2
 Searing Ray              Conj           0%         2d4       58%         2
 Wereblood                Tmut           0%         N/A       58%         2
 Call Canine Familiar     Summ           0%         N/A       82%         3
 Dazzling Flash           Conj/Hex       0%         N/A       82%         3
 Ozocubu's Armour         Ice            0%         N/A       82%         3
 Portal Projectile        Hex/Tloc       0%         N/A       82%         3
 Spider Form              Tmut/Pois      0%         N/A       82%         3
 Swiftness                Air            0%         N/A       82%         3
 Fulminant Prism          Conj/Hex       0%         3d6       99%         4
 Hailstorm                Conj/Ice       0%         3d3       99%         4
 Ice Form                 Ice/Tmut       0%         N/A       99%         4
 Leda's Liquefaction      Hex/Erth       0%         N/A       99%         4
 Agony                    Necr           0%         N/A       100%        5
 Alistair's Intoxication  Tmut/Pois      0%         N/A       100%        5
 Silence                  Hex/Air        0%         N/A       100%        5
 Simulacrum               Ice/Necr       0%         N/A       100%        6
 Malign Gateway           Summ/Tloc      0%         N/A       100%        7
 Ozocubu's Refrigeration  Ice            0%         4d5       100%        7
 Summon Horrible Things   Summ           0%         N/A       100%        8

Inventory:

Hand Weapons
 J - a +2 hand crossbow of flaming
   (You found it on level 8 of the Dungeon)
 U - the +5 falchion of Nidur {vorpal, Int+8 Stlth+}
   (You found it on level 2 of the Lair of Beasts)

   It inflicts extra damage upon your enemies.
   Int:       It affects your intelligence (+8).
   Stlth:     It makes you more stealthy.
 Y - the +10 rapier of Imbalance (weapon) {vorpal, Contam rC++ Dex+6}
   (You found it on level 1 of the Lair of Beasts)

   It inflicts extra damage upon your enemies.
   Dex:       It affects your dexterity (+6).
   rC:        It greatly protects you from cold.
   Contam:    It causes magical contamination when unequipped.
Missiles
 l - 62 poisoned darts
 D - 2 javelins
 K - 26 boomerangs
 W - 4 silver javelins
Armour
 u - a +0 pair of gloves (worn)
   (You found it on level 5 of the Dungeon)
 P - a +1 pair of boots of flying (worn)
   (You found it in a bailey)
 Q - a +2 kite shield of cold resistance (worn)
   (You found it in an ice cave)
 T - the +0 hat "Teeptyop" (worn) {rF+ Will+}
   (You found it in a Gauntlet)

   rF:        It protects you from fire.
   Will:      It increases your willpower.
 V - the +0 cloak of the Evil One (worn) {rElec Str+4 Int+8 Dex-4}
   (You found it in a Gauntlet)

   Str:       It affects your strength (+4).
   Int:       It affects your intelligence (+8).
   Dex:       It affects your dexterity (-4).
   rElec:     It insulates you from electricity.
Jewellery
 a - an amulet of reflection (around neck)
   (You found it on level 1 of the Lair of Beasts)
 p - a ring of willpower
   (You found it on level 3 of the Dungeon)
 s - the ring of Fesoriy (left hand) {rElec rF+ EV+4}
   (You found it in a Gauntlet)

   [ring of evasion]

   EV:        It affects your evasion (+4).
   rF:        It protects you from fire.
   rElec:     It insulates you from electricity.
 C - a ring of protection from cold (right hand)
   (You found it on level 2 of the Dungeon)
 E - a +4 ring of evasion
   (You found it on level 5 of the Dungeon)
 F - a ring of protection from fire
   (You took it off a wight on level 8 of the Dungeon)
 O - a +4 ring of protection
   (You found it on level 10 of the Dungeon)
Wands
 r - a wand of flame (39)
   (You found it in a sewer)
 v - a wand of polymorph (5)
   (You found it on level 5 of the Dungeon)
 L - a wand of mindburst (10)
   (You found it on level 15 of the Dungeon)
 R - a wand of iceblast (1)
   (You found it on level 9 of the Dungeon)
Scrolls
 c - 2 scrolls of fog
 i - a scroll of summoning
 k - 2 scrolls of amnesia
 m - 3 scrolls of enchant weapon
 o - 7 scrolls of fear
 t - 2 scrolls of magic mapping {!r}
 x - 8 scrolls of vulnerability {!r!r}
 y - 7 scrolls of teleportation {@r4}
 G - 2 scrolls of holy word
 H - a scroll of silence {!r}
 M - 3 scrolls of immolation {!r!r}
 N - 5 scrolls of blinking {!r}
Potions
 b - 2 potions of resistance
 d - 4 potions of invisibility
 f - a potion of brilliance {unknown}
 g - 6 potions of curing {@q1}
 h - 3 potions of might
 n - 7 potions of attraction {!q}
 q - 2 potions of magic
 w - a potion of berserk rage {!q}
 z - 3 potions of ambrosia
 B - 7 potions of haste {@q3}
 I - a potion of lignification {unknown}
 S - 2 potions of cancellation
 X - 5 potions of mutation {!q}
 Z - 2 potions of heal wounds {@q2}
Miscellaneous
 e - a phial of floods
   (You found it in an ice cave)
 j - a condenser vane (inert)
   (You found it in a bailey)
 A - a box of beasts
   (You found it on level 12 of the Dungeon)

Dungeon Overview and Level Annotations

Branches:
Dungeon (15/15)            Temple (0/1) D:7            Lair (4/6) D:9
  Snake (0/4) Lair:3          Orc (0/2) D:12          Sewer (visited)
 Bailey (visited)           IceCv (visited)         Gauntlet (visited)
  Swamp: Lair:2-4    Shoals: Lair:2-4    Vaults: D:13-14     Depths: D:15

Altars:
Ashenzari
Dithmenos
Makhleb
Ru
Sif Muna
Uskayaw
Vehumet
Zin
The Shining One

Annotations:
Abyss:1 Frances

.# #.......##### .#
#.......#...# .#
#.......#...#....... .+
+.......#...#......# ##
#.......#...#......# .#
#....|..#...#......#
.#####.......#...#......#
.............#)).#......#
......##'#####.)@#......#
......#........§§§§.....#
......#.......§☼§#......#
......#......zW§§#......#
......#.....§W§§§#......#
......#.....§§§..#......#
#.....#...)§.§§..#......#
#.....##...#......#
#.....###+##......#


You could see a skeletal warrior and 2 freezing wraiths.


Message History

The death knight's dark mirror aura disappears.
The death knight is engulfed in poison gas.
The death knight looks even sicker.
You block the death knight's attack.
The wizard is engulfed in poison gas.
The wizard looks even sicker. x2
The death knight is engulfed in poison gas.
The death knight looks even sicker. 😕 HP[-10]
You take 10 damage, and now have 108/132 hp.
You closely miss the death knight. The freezing wraith misses you.
You block the freezing wraith's attack.
The death knight is engulfed in poison gas.
The death knight looks as sick as possible!
The death knight hits you with a +0 battleaxe.
The wizard is engulfed in poison gas.
The wizard looks as sick as possible! 😕 HP[-4]
You take 4 damage, and now have 104/132 hp.
You puncture the death knight!
You kill the death knight!
Lugonu accepts your kill. The freezing wraith closely misses you.
The freezing wraith misses you. You block the freezing wraith's attack.
The freezing wraith hits you but does no damage.
The wizard is engulfed in poison gas.
The wizard looks as sick as possible!
The wizard casts a spell.
The wizard blinks!
The freezing wraith misses you. The freezing wraith hits you.
The freezing wraith drains your vigour!
You feel yourself slow down. The freezing wraith closely misses you.
You block the freezing wraith's attack.
The wizard wildly gestures.
You feel disoriented. 😕 HP[-4]
You take 4 damage, and now have 100/132 hp.
The freezing wraith hits you but does no damage.
The freezing wraith misses you.
The wizard mumbles some strange words.
The wizard flickers and vanishes!
Deactivating autopickup; reactivate with Ctrl-A. 😕 HP[+1]
You puncture something! Lugonu accepts your kill.
Reactivating autopickup.
You feel a bit more experienced.
The freezing wraith hits you but does no damage.
The freezing wraith hits you. The freezing wraith drains your vigour!
You feel as though you will be slow longer.
You block the freezing wraith's attack. The freezing wraith hits you.
The freezing wraith drains your vigour!
You feel as though you will be slow longer.
The skeletal warrior hits you with a +0 scimitar!!
The skeletal warrior hits you with a +0 scimitar.
The freezing wraith closely misses you.
The freezing wraith hits you but does no damage. x2
You block the freezing wraith's attack. 😮 HP[-26]
You take 26 damage, and now have 75/132 hp.
You closely miss the skeletal warrior.
Your tail-slap misses the skeletal warrior.
You block the freezing wraith's attack. x2
The freezing wraith barely misses you. The freezing wraith hits you!
The freezing wraith drains your vigour!
You feel as though you will be slow longer.
The skeletal warrior completely misses you.
You block the freezing wraith's attack. The freezing wraith misses you.
The freezing wraith closely misses you. The freezing wraith barely misses you.
The skeletal warrior misses you. 😮 HP[-7]
You take 7 damage, and now have 68/132 hp.
You hit the skeletal warrior. The freezing wraith hits you.
The freezing wraith freezes you. You resist.
* * * LOW HITPOINT WARNING * * *
You block the freezing wraith's attack. The freezing wraith hits you!
* * * LOW HITPOINT WARNING * * *
The freezing wraith freezes you. You resist.
* * * LOW HITPOINT WARNING * * *
You block the freezing wraith's attack.
The skeletal warrior hits you with a +0 scimitar!!
* * * LOW HITPOINT WARNING * * *
The skeletal warrior hits you with a +0 scimitar!
* * * LOW HITPOINT WARNING * * *
The freezing wraith misses you. The freezing wraith closely misses you.
The freezing wraith barely misses you.
The freezing wraith completely misses you. 😱 HP[-53]
You take 53 damage, and now have 15/132 hp.
MASSIVE DAMAGE!! (PAUSE) Space bends around you!
You blink.
You are engulfed in poison gas.
You are lethally poisoned!
* * * LOW HITPOINT WARNING * * *
x2 You feel very sick. 😱 HP[-13] MP[-1]
You take 13 damage, and now have 2/132 hp.
You lost 1 mp, and now have 19/20 mp.
Unknown command.
Unknown command.
You feel better.
You are engulfed in poison gas.
You are poisoned.
* * * LOW HITPOINT WARNING * * *
You die...

Skill      XL: |  1  2  3  4  5  6  7  8  9 10 11 12 13 14 |
---------------+-------------------------------------------+-----
Fighting       | 4 5 6 7 9 10 11 12 13 14 | 14.1
Polearms       | 3 4 5 6 7 9 10 11 12 | 12.0
Dodging        | 3 4 5 6 7 8 9 10 11 | 11.7
Invocations    | 4 6 8 9 |  9.0
Evocations     | 3 6 8 10 | 10.7
Shields        | 4 5 |  5.8

Action                   |  1- 3 |  4- 6 |  7- 9 | 10-12 | 13-15 || total
-------------------------+-------+-------+-------+-------+-------++-------
Melee: Spear             |   136 |   301 |   409 |   519 |       ||  1365
       Tailslap          |    10 |    30 |    56 |   134 |    72 ||   302
       Punch             |     3 |     3 |     4 |    17 |     3 ||    30
       Rapier            |       |       |       |   288 |   414 ||   702
Throw: Dart              |       |     3 |     1 |    12 |     3 ||    19
       Javelin           |       |       |       |     2 |       ||     2
Invok: Bend Space        |       |       |     1 |    31 |     4 ||    36
       Banish            |       |       |       |     7 |     6 ||    13
       Corrupt           |       |       |       |     1 |     1 ||     2
 Abil: Breathe Steam     |       |       |    29 |    65 |    28 ||   122
Evoke: Wand              |       |     4 |     3 |    20 |     1 ||    28
       Condenser vane    |       |       |       |     2 |     2 ||     4
       Phial of floods   |       |       |       |       |     1 ||     1
  Use: Scroll            |     4 |     2 |    10 |    14 |     1 ||    31
       Potion            |       |       |       |     5 |     1 ||     6
 Stab: Sleeping          |     1 |     3 |     3 |     1 |     1 ||     9
       Paralysed         |       |    12 |       |       |       ||    12
       Distracted        |       |       |       |       |     2 ||     2
Armor: Skin              |    23 |    82 |    64 |   229 |    96 ||   494
Dodge: Dodged            |    57 |   161 |   229 |   901 |   441 ||  1789
Block: Kite shield       |       |       |       |       |   194 ||   194
       Reflection        |       |       |       |       |    18 ||    18

Levels and vault maps discovered:
D:1:      wander_arrival_desolate, layout_basic
D:2:      layout_basic, minmay_lizard_king, uniq_sigmund
D:3:      layout_rooms, nicolae_overflow_quartered_altars,
          shapermc_ecumenical_altar_mp_highgroup
D:4:      layout_gridville, lightli_sewer_entry_pipes, grunt_decor_arrowhead
D:5:      layout_basic, minivault_1
D:6:      layout_loops_ring, grunt_temple_overflow_lords_of_destruction,
          uniq_edmund
D:7:      nicolae_cairo_tiling, layout_basic, minmay_misc_feat_square,
          uniq_crazy_yiuf_cottage, uniq_joseph
D:8:      layout_rooms, jmf_multi_god_temple2, minmay_joined_circles
D:9:      layout_cave_pools, erik_lair_dragon, enter_bailey_4
D:10:     layout_basic
D:11:     layout_long_grid, gauntlet_entry_generic, nicolae_tso_carved_into_rock
D:12:     layout_loops_corners, zombieorc2_lemuel,
          portal_ice_cave_entry_pillars_2, uniq_frances
D:13:     layout_basic, david_vaults_5, nicolae_two_hexagons
D:14:     layout_gridville, fedhas_altar_2
D:15:     gammafunk_depths_entry_grave, layout_loops_corners,
          nicolae_twisting_strands
Lair:1:   layout_roguey
Lair:2:   layout_chaotic_city, nicolae_quartered_pool_little,
          minmay_stone_trees_small, grunt_megastairs_1, lemuel_fruit_fields
Lair:3:   layout_regular_city, minmay_snake_entry_six_corridors,
          lemuel_fruit_fields, uniq_rupert
Lair:4:   layout_regular_city, minmay_shoals_entry_beasts, grunt_megastairs_2,
          infiniplex_staircase_pool, uniq_josephine

Notes
Turn   | Place    | Note
-------+----------+-------------------------------------------
     0 | Abyss:1  | spiderkeys the Draconian Abyssal Knight began the quest for
                  | the Orb.
     0 | Abyss:1  | Reached XP level 1. HP: 19/19 MP: 2/2
     0 | Abyss:1  | magus.rc [v1.11.3]
   135 | Abyss:1  | Found a corrupted altar of Lugonu.
   144 | D:1      | You pass through the gate.
   144 | D:1      | Escaped the Abyss
   267 | D:1      | Reached XP level 2. HP: 26/26 MP: 3/3
   361 | D:1      | You add the spells Malign Gateway and Summon Horrible
                  | Things to your library.
   434 | D:1      | You pick up a book of Burglary and begin reading...
   434 | D:1      | You add the spells Passwall, Ensorcelled Hibernation and
                  | Swiftness to your library.
   917 | D:2      | Reached XP level 3. HP: 33/33 MP: 4/4
   933 | D:2      | Reached *** piety under Lugonu
  1012 | D:2      | Reached skill level 4 in Fighting
  1175 | D:2      | Noticed Sigmund
  1283 | D:2      | Killed Sigmund
  1284 | D:2      | Reached skill level 3 in Polearms
  1284 | D:2      | Reached skill level 3 in Dodging
  1284 | D:2      | Reached XP level 4. HP: 30/41 MP: 5/5
  1284 | D:2      | Reached XP level 5. HP: 34/47 MP: 6/6
  1426 | D:2      | You add the spells Ozocubu's Armour and Ozocubu's
                  | Refrigeration to your library.
  1689 | D:2      | You pick up a book of Conjurations and begin reading...
  1689 | D:2      | You add the spells Magic Dart, Searing Ray and Fulminant
                  | Prism to your library.
  1934 | D:2      | You pick up a book of Burglary and begin reading...
  2168 | D:3      | Reached skill level 5 in Fighting
  2256 | D:3      | You pick up a book of Burglary and begin reading...
  2283 | D:3      | Reached **** piety under Lugonu
  2284 | D:3      | Reached XP level 6. HP: 56/56 MP: 7/7
  2286 | D:3      | Found a broken altar of Ashenzari.
  2299 | D:3      | Found a sacrificial altar of Ru.
  2299 | D:3      | Found a hide-covered altar of Uskayaw.
  2309 | D:3      | Found a glowing silver altar of Zin.
  2329 | D:3      | Found a faded altar of an unknown god.
  2563 | D:4      | Reached skill level 4 in Polearms
  2663 | D:4      | HP: 14/56 [poisoned by an adder]
  2671 | D:4      | Found a glowing drain.
  2683 | D:4      | HP: 11/56 [river rat (7)]
  2697 | Sewer    | Entered a sewer
  2967 | Sewer    | Noticed a water moccasin
  2986 | Sewer    | Killed a water moccasin
  2987 | Sewer    | Reached skill level 4 in Dodging
  3830 | D:4      | Your scales start taking on a pale cyan-grey colour.
  3830 | D:4      | Reached XP level 7. HP: 53/62 MP: 8/8
  3830 | D:4      | Gained mutation: You are immune to the effects of steam.
                  | [Pale Draconian growth]
  3937 | D:4      | Reached skill level 6 in Fighting
  4142 | D:5      | Entered Level 5 of the Dungeon
  4150 | D:5      | Reached skill level 5 in Polearms
  4636 | D:5      | Reached skill level 5 in Dodging
  5080 | D:6      | Reached XP level 8. HP: 71/71 MP: 8/10
  5184 | D:6      | Reached skill level 3 in Invocations
  5372 | D:6      | Noticed Edmund
  5407 | D:6      | Killed Edmund
  5408 | D:6      | Reached skill level 7 in Fighting
  5590 | D:6      | Reached ***** piety under Lugonu
  5593 | D:6      | Reached skill level 6 in Polearms
  5940 | D:6      | Found a burning altar of Makhleb.
  5940 | D:6      | Found a radiant altar of Vehumet.
  5965 | D:6      | Reached skill level 4 in Invocations
  6012 | D:7      | You pick up a book of Changes and begin reading...
  6012 | D:7      | You add the spells Beastly Appendage, Wereblood and Spider
                  | Form to your library.
  6300 | D:7      | Noticed Joseph
  6322 | D:7      | Killed Joseph
  6323 | D:7      | Reached skill level 6 in Dodging
  6323 | D:7      | Reached XP level 9. HP: 44/81 MP: 12/12
  6510 | D:7      | Found a staircase to the Ecumenical Temple.
  6662 | D:7      | HP: 20/81 [acid (7)]
  7210 | D:7      | Found a runed translucent door.
  7211 | D:7      | Noticed Crazy Yiuf
  7216 | D:7      | Killed Crazy Yiuf
  7288 | D:8      | Reached skill level 8 in Fighting
  7288 | D:8      | Reached skill level 5 in Invocations
  7455 | D:8      | Reached skill level 7 in Polearms
  7780 | D:8      | Found a large runed translucent door.
  7781 | D:8      | Found a large runed translucent door.
  8049 | D:8      | Reached skill level 6 in Invocations
  8067 | D:8      | Reached skill level 7 in Dodging
  8072 | D:8      | Reached skill level 9 in Fighting
  8446 | D:8      | Reached XP level 10. HP: 91/91 MP: 14/14
  8575 | D:8      | Reached skill level 8 in Polearms
  8861 | D:8      | Reached skill level 7 in Invocations
  8993 | D:8      | Found a shimmering blue altar of Sif Muna.
  9006 | D:8      | Found a shadowy altar of Dithmenos.
  9111 | D:9      | Found a flagged portal.
  9119 | D:9      | Noticed a two-headed ogre
  9134 | D:9      | Banished a two-headed ogre
  9136 | Bailey   | Entered a bailey
  9171 | Bailey   | Noticed an orc knight
  9325 | Bailey   | Reached skill level 1 in Evocations
  9368 | Bailey   | Banished an orc knight
  9369 | Bailey   | Reached skill level 8 in Dodging
  9369 | Bailey   | Reached skill level 2 in Evocations
  9875 | D:9      | Reached skill level 10 in Fighting
 10066 | D:9      | Reached skill level 8 in Invocations
 10205 | D:9      | Reached skill level 3 in Evocations
 10521 | D:9      | Found a staircase to the Lair.
 10530 | D:9      | Reached skill level 9 in Polearms
 10848 | D:10     | Entered Level 10 of the Dungeon
 10888 | D:10     | Reached XP level 11. HP: 96/99 MP: 17/17
 11203 | D:10     | Reached skill level 4 in Evocations
 11598 | D:10     | Noticed an eight-headed hydra
 11606 | D:10     | Killed an eight-headed hydra
 12063 | D:11     | Found a gate leading to a gauntlet.
 12072 | Gauntlet | Entered a Gauntlet
 12072 | Gauntlet | Found a transporter.
 12072 | Gauntlet | Found a transporter.
 12078 | Gauntlet | Found a transporter.
 12099 | Gauntlet | Found a transporter.
 12109 | Gauntlet | Noticed a wizard
 12110 | Gauntlet | Noticed a wizard
 12111 | Gauntlet | Found a transporter.
 12111 | Gauntlet | Found a transporter.
 12114 | Gauntlet | Found a transporter.
 12114 | Gauntlet | Found a transporter.
 12122 | Gauntlet | Noticed a fire crab
 12126 | Gauntlet | Found a transporter.
 12143 | Gauntlet | Found a transporter.
 12146 | Gauntlet | Noticed a hell beast
 12153 | Gauntlet | Found a transporter.
 12154 | Gauntlet | Noticed a wretched star
 12169 | Gauntlet | Found a transporter.
 12189 | Gauntlet | Found a transporter.
 12189 | Gauntlet | Found a transporter.
 12191 | Gauntlet | Noticed a fire crab
 12255 | Gauntlet | Banished a fire crab
 12261 | Gauntlet | HP: 25/101 [fire bat (4)]
 12269 | Gauntlet | Identified the ring of Fesoriy {rElec rF+ EV+4}
 12289 | Gauntlet | HP: 24/101 [fire bat (2)]
 12298 | Gauntlet | HP: 22/101 [fire bat (4)]
 12307 | Gauntlet | HP: 19/101 [fire bat (2)]
 12659 | Gauntlet | Killed a wizard
 12664 | Gauntlet | Identified the +0 hat "Teeptyop" {rF+ Will+}
 12696 | Gauntlet | Identified the +0 cloak of the Evil One {rElec Str+4 Int+8
                  | Dex-4}
 12721 | Gauntlet | Corrupted Gauntlet
 12721 | Gauntlet | Noticed a thrashing horror
 12721 | Gauntlet | Noticed a large abomination
 12721 | Gauntlet | Noticed a tentacled starspawn
 12721 | Gauntlet | Noticed a tentacled starspawn
 12721 | Gauntlet | Noticed a thrashing horror
 12721 | Gauntlet | Noticed a large abomination
 12722 | Gauntlet | Noticed a minotaur
 12724 | Gauntlet | Noticed a tentacled starspawn
 12725 | Gauntlet | Noticed a hellephant
 12727 | Gauntlet | Killed a hell beast
 12728 | Gauntlet | Noticed a starcursed mass
 12729 | Gauntlet | Noticed a bog body
 12732 | Gauntlet | Noticed a cacodemon
 12732 | Gauntlet | Killed a minotaur
 12741 | Gauntlet | Killed a fire crab
 12745 | Gauntlet | Noticed a bone dragon
 12745 | Gauntlet | Noticed a starcursed mass
 12749 | Gauntlet | Noticed a flayed ghost
 13664 | Gauntlet | Killed a wizard
 13665 | Gauntlet | Reached skill level 9 in Invocations
 13665 | Gauntlet | Reached skill level 5 in Evocations
 13737 | D:11     | HP: 20/101 [yak (12)]
 14317 | Lair:1   | Entered Level 1 of the Lair of Beasts
 14338 | Lair:1   | Reached skill level 11 in Fighting
 14602 | Lair:1   | You pick up a book of Party Tricks and begin reading...
 14602 | Lair:1   | You add the spells Apportation and Alistair's Intoxication
                  | to your library.
 14693 | Lair:1   | Identified the +10 rapier of Imbalance {vorpal, Contam rC++
                  | Dex+6}
 14731 | Lair:1   | Reached skill level 10 in Polearms
 14731 | Lair:1   | Reached skill level 9 in Dodging
 14944 | Lair:1   | You pick up a book of Burglary and begin reading...
 15113 | Lair:1   | Reached skill level 6 in Evocations
 15330 | Lair:1   | You pick up a book of the Senses and begin reading...
 15330 | Lair:1   | You add the spells Dazzling Flash, Agony and Silence to
                  | your library.
 15872 | Lair:2   | Reached XP level 12. HP: 83/110 MP: 18/18
 16369 | Lair:2   | Reached skill level 7 in Evocations
 16753 | Lair:2   | Identified the +5 falchion of Nidur {vorpal, Int+8 Stlth+}
 16822 | Lair:2   | Reached skill level 12 in Fighting
 16840 | Lair:2   | Reached skill level 11 in Polearms
 16841 | Lair:2   | Reached skill level 10 in Dodging
 17550 | Lair:3   | Reached skill level 8 in Evocations
 17648 | Lair:3   | Noticed a death yak
 17686 | Lair:3   | Noticed a death yak
 17686 | Lair:3   | Noticed a death yak
 17968 | Lair:3   | Found a staircase to the Snake Pit.
 18467 | Lair:3   | Noticed Rupert
 18493 | Lair:3   | HP: 23/113 [Rupert/+3 great sword of protection (43)]
 18495 | Lair:3   | Killed Rupert
 18881 | Lair:3   | You pick up a book of the Hunter and begin reading...
 18881 | Lair:3   | You add the spells Call Canine Familiar, Portal Projectile
                  | and Leda's Liquefaction to your library.
 19046 | Lair:3   | Upgraded the game from 0.29-a0-319-gad05b8d819 to
                  | 0.29-a0-320-g9f8742066b
 19046 | Lair:3   | magus.rc [v1.11.3]
 19220 | Lair:3   | Noticed a death yak
 19500 | D:11     | Found a glowing golden altar of the Shining One.
 19535 | D:11     | Noticed a boulder beetle
 19541 | D:11     | Reached XP level 13. HP: 102/119 MP: 19/19
 20058 | D:12     | Reached skill level 9 in Evocations
 20072 | D:12     | Found a staircase to the Orcish Mines.
 20124 | D:12     | Noticed Frances
 20207 | D:12     | Found a frozen archway.
 20214 | IceCv    | Entered an ice cave
 20456 | IceCv    | Reached skill level 13 in Fighting
 20885 | IceCv    | Reached skill level 12 in Polearms
 21267 | IceCv    | Reached skill level 11 in Dodging
 21800 | IceCv    | Corrupted IceCv
 21800 | IceCv    | Noticed a starcursed mass
 21800 | IceCv    | Noticed a starcursed mass
 21800 | IceCv    | Noticed a tentacled starspawn
 21801 | IceCv    | Noticed a purple draconian shifter
 21805 | IceCv    | Noticed a green death
 22052 | IceCv    | Identified a +1 crystal plate armour of cold resistance
 22053 | IceCv    | a +1 crystal plate armour of cold resistance {rare}; a +0
                  | scale mail of poison resistance
 22059 | IceCv    | a +1 crystal plate armour of cold resistance {rare}; a +0
                  | scale mail of poison resistance
 22064 | IceCv    | You pick up a book of the Tundra and begin reading...
 22064 | IceCv    | You add the spells Hailstorm, Ice Form and Simulacrum to
                  | your library.
 22120 | IceCv    | a +1 crystal plate armour of cold resistance {rare}; a +0
                  | scale mail of poison resistance
 22171 | D:12     | Banished Frances
 22172 | D:12     | Reached skill level 1 in Shields
 22502 | D:12     | Reached skill level 10 in Evocations
 22517 | D:12     | Reached skill level 2 in Shields
 23308 | D:13     | You are sucked into a shaft and drop 2 floors!
 23308 | D:15     | Entered Level 15 of the Dungeon
 23485 | D:15     | Reached skill level 3 in Shields
 23628 | D:15     | Reached skill level 4 in Shields
 24173 | D:15     | Reached XP level 14. HP: 130/130 MP: 20/20
 24431 | D:15     | Reached skill level 5 in Shields
 24654 | D:15     | Reached skill level 14 in Fighting
 25144 | D:14     | HP: 24/132 [skeletal warrior/+0 scimitar[a death knight]
                  | (28)]
 25145 | D:14     | HP: 7/132 [cloud of poison gas (6)]
 25145 | D:14     | HP: 2/132 [poisoned by you (poison gas)]
 25146 | D:14     | Succumbed to their own poison gas

Vanquished Creatures
  Rupert (Lair:3)
  An ogre mage (D:15)
  2 hydras
  7 two-headed ogres (D:15)
  3 centaur warriors
  A death knight (D:14)
  2 death yaks (IceCv)
  A tengu warrior (D:15)
  2 wizards
  An orc knight (D:15)
  A deep elf pyromancer (D:15)
  2 manticores
  An ice statue (IceCv)
  Joseph (D:7)
  5 black mambas
  6 cane toads
  A torpor snail (Lair:2)
  A gargoyle (D:12)
  A yaktaur (D:15)
  An unseen horror (D:12)
  4 komodo dragons
  2 tengu conjurers (D:15)
  A troll (D:11)
  A hornet (D:11)
  6 polar bears (IceCv)
  5 blink frogs (Lair:2)
  6 slime creatures
  2 flying skulls (Gauntlet)
  6 shadows
  Sigmund (D:2)
  64 yaks
  3 fire bats (Gauntlet)
  2 steam dragons
  2 vampire mosquitoes (D:14)
  2 basilisks (D:9)
  5 wyverns
  Edmund (D:6)
  An acid dragon (D:11)
  16 water moccasins
  10 orc warriors
  4 black bears
  A sky beast (D:6)
  An ice beast (D:6)
  3 ogres
  8 centaurs
  24 wolves
  7 kobold brigands
  12 bullfrogs
  A gnoll sergeant (D:8)
  6 wights (D:8)
  2 troll zombies (D:12)
  A killer bee (D:8)
  4 howler monkeys
  2 electric eels
  A crimson imp (D:6)
  2 jellies
  Crazy Yiuf (D:7)
  2 gnoll shamans
  2 hounds (D:5)
  5 iguanas
  6 orc wizards
  6 ogre zombies (D:12)
  16 gnolls
  3 river rats (D:4)
  12 adders
  2 ufetubi (D:6)
  2 worms
  3 dart slugs
  14 orcs
  10 endoplasms
  4 giant cockroaches
  6 goblins
  18 hobgoblins
  8 jackals
  44 kobolds
  A quokka (D:1)
  8 ball pythons
  7 bats
  13 frilled lizards
  2 goblin skeletons (D:12)
  6 goblin zombies (D:12)
  A hobgoblin zombie (D:12)
  16 orc zombies (D:12)
  9 rats
487 creatures vanquished.

Vanquished Creatures (others)
  A minotaur (Gauntlet)
  A hell beast (Gauntlet)
  2 ironbound frosthearts (IceCv)
  2 death yaks (IceCv)
  A fire crab (Gauntlet)
  A wizard (Gauntlet)
  A manticore (D:14)
  2 polar bears (IceCv)
  3 fire bats (Gauntlet)
  A yak (IceCv)
  A hell hound (Gauntlet)
  A black bear (shapeshifter) (IceCv)
  A shadow imp (Gauntlet)
  2 white imps (Gauntlet)
  4 demonic plants (Gauntlet)
  19 fungi
  23 plants
  6 starspawn tentacles
72 creatures vanquished.

Grand Total: 559 creatures vanquished

Table legend:
 A = Non-vault XP
 B = Vault XP
 C = Vault XP percentage of total XP
 D = Non-vault monster count
 E = Vault monster count
 F = Vault count percentage of total count
                 A         B        C        D         E       F
            +---------+---------+-------+---------+---------+-------
      Total |   48481 |   23822 |  32.9 |     324 |     173 |  34.8
            +---------+---------+-------+---------+---------+-------
        D:1 |      40 |       0 |   0.0 |      23 |       0 |   0.0
        D:2 |      56 |     233 |  80.6 |      19 |      11 |  36.7
        D:3 |      62 |       0 |   0.0 |      21 |       0 |   0.0
        D:4 |     343 |      79 |  18.7 |      24 |      11 |  31.4
        D:5 |     217 |       0 |   0.0 |       9 |       0 |   0.0
        D:6 |     839 |     221 |  20.8 |      20 |       2 |   9.1
        D:7 |     424 |     491 |  53.7 |       6 |       2 |  25.0
        D:8 |    2401 |    1240 |  34.1 |      38 |      13 |  25.5
        D:9 |    1584 |    1220 |  43.5 |      17 |      10 |  37.0
       D:10 |    3452 |       0 |   0.0 |      17 |       0 |   0.0
       D:11 |    4600 |       0 |   0.0 |      15 |       0 |   0.0
       D:12 |    2156 |    2391 |  52.6 |      10 |      37 |  78.7
       D:14 |    3570 |       0 |   0.0 |       9 |       0 |   0.0
       D:15 |   13741 |     592 |   4.1 |      24 |       1 |   4.0
     Lair:1 |    2900 |       0 |   0.0 |      16 |       0 |   0.0
     Lair:2 |    8811 |    1310 |  12.9 |      41 |       7 |  14.6
     Lair:3 |    2109 |    3577 |  62.9 |      11 |       8 |  42.1
     Lair:4 |    1176 |       0 |   0.0 |       4 |       0 |   0.0
      Sewer |       0 |     147 | 100.0 |       0 |       1 | 100.0
     Bailey |       0 |    1233 | 100.0 |       0 |      26 | 100.0
      IceCv |       0 |    8681 | 100.0 |       0 |      37 | 100.0
   Gauntlet |       0 |    2407 | 100.0 |       0 |       7 | 100.0
            +---------+---------+-------+---------+---------+-------

Illustrated notes

Table legend:
 A = Kills in this place as a percentage of kills in entire the game.
 B = Kills by you in this place as a percentage of kills by you in the entire game.
 C = Kills by friends in this place as a percentage of kills by friends in the entire game.
 D = Other kills in this place as a percentage of other kills in the entire game.
 E = Experience gained in this place as a percentage of experience gained in the entire game.
 F = Experience gained in this place divided by the number of levels of this place that you have seen.
                   A       B       C       D       E      F
               +-------+-------+-------+-------+-------+----------------------
         Total | 100.0 | 100.0 |   N/A | 100.0 | 100.0 | 3012.6
       Dungeon |  68.2 |  68.0 |   N/A |  80.0 |  55.3 | 2663.5
          Lair |  17.5 |  17.9 |   N/A |   0.0 |  27.5 | 4970.8
         Sewer |   0.2 |   0.2 |   N/A |   0.0 |   0.2 | 147.0
        Bailey |   5.2 |   5.1 |   N/A |  10.0 |   1.7 | 1233.0
      Ice Cave |   7.4 |   7.6 |   N/A |   0.0 |  12.0 | 8681.0
      Gauntlet |   1.4 |   1.2 |   N/A |  10.0 |   3.3 | 2407.0
               +-------+-------+-------+-------+-------+----------------------

Table legend: (Time is in decaauts)
 A = Elapsed time spent in this place.
 B = Non-inter-level travel time spent in this place.
 C = Inter-level travel time spent in this place.
 D = Time resting spent in this place.
 E = Time spent auto-exploring this place.
 F = Levels seen in this place.
 G = Mean time per level.
                   A        B        C        D        E       F      G
               +--------+--------+--------+--------+--------+-----+--------+
         Total |  25074 |  24173 |    901 |   4751 |  14494 |  24 | 1044.8 |
       Dungeon |  15301 |  14581 |    720 |   1416 |  10405 |  15 | 1020.1 |
          Lair |   4905 |   4725 |    180 |   1049 |   2759 |   4 | 1226.2 |
         Abyss |    144 |    144 |      0 |      0 |    141 |   1 |  144.0 |
         Sewer |    466 |    466 |      0 |    325 |    104 |   1 |  466.0 |
        Bailey |    692 |    692 |      0 |    250 |    224 |   1 |  692.0 |
      Ice Cave |   1983 |   1983 |      0 |    824 |    626 |   1 | 1983.0 |
      Gauntlet |   1581 |   1581 |      0 |    887 |    235 |   1 | 1581.0 |
               +--------+--------+--------+--------+--------+-----+--------+

Top non-repeatable levels by time:
   IceCv: 1983 daAuts
  Lair:2: 1835 daAuts
     D:8: 1752 daAuts
  Lair:3: 1691 daAuts
Gauntlet: 1581 daAuts
    D:15: 1406 daAuts
     D:9: 1339 daAuts
    D:12: 1309 daAuts
  Lair:1: 1295 daAuts
     D:7: 1266 daAuts
     D:6: 1214 daAuts
    D:11: 1198 daAuts
    D:10: 1189 daAuts
     D:4: 1169 daAuts
     D:2: 1065 daAuts
